 Dungeon Crawl Stone Soup version 0.19-a0-957-gf4ea323 (webtiles) character file.

165 mistymad the Shooter (level 5, 0/41 HPs)
             Began as a Centaur Hunter on July 10, 2016.
             Succumbed to an orc wizard's poison
             ... on level 2 of the Dungeon.
             The game lasted 00:08:30 (3517 turns).

mistymad the Shooter (Centaur Hunter)               Turns: 3517, Time: 00:08:31

Health: 0/41       AC:  4    Str: 14    XL:     5   Next: 22%
Magic:  4/4        EV:  9    Int: 10    God:
Gold:   117        SH:  0    Dex: 11    Spells: 0 memorised, 4 levels left

rFire  . . .     SeeInvis .     b - +0 short sword
rCold  . . .     Gourm    +     c - +0 leather armour
rNeg   . . .     Faith    .     (no shield)
rPois  .         Spirit   .     (no helmet)
rElec  .         Dismiss  .     (no cloak)
rCorr  .         Reflect  .     (no gloves)
SustAt .         Harm     .     (no barding)
MR     .....                    e - amulet of the gourmand
Stlth  +.........               (no ring)
                                h - ring of flight

@: lethally poisoned (0 -> -2), slowed, not resistant to hostile enchantments,
very unstealthy
A: hooves 3, blink, deformed body, speed 2, frail 1, low mp 1, tough skin 3
a: Blink, Evoke Flight


You were on level 2 of the Dungeon.
You were very full.

You visited 1 branch of the dungeon, and saw 3 of its levels.

You collected 117 gold pieces.

Inventory:

Hand Weapons
 a - a +2 shortbow
 b - a +0 short sword (weapon)
Armour
 c - a +0 leather armour (worn)
Jewellery
 e - an amulet of the gourmand (around neck)
 h - a ring of flight (left hand)
 k - a +3 ring of evasion {unknown}
Scrolls
 j - a scroll of remove curse
 l - a scroll of identify
Potions
 m - a potion of brilliance
Comestibles
 f - 2 bread rations
 g - 7 fruits


   Skills:
 + Level 4.0 Fighting
 + Level 7.2 Bows
 - Level 1.3 Dodging
 - Level 0.5 Stealth


You had 4 spell levels left.
You didn't know any spells.

Dungeon Overview and Level Annotations

Branches:
Dungeon (3/15)

Altars:
The Shining One


Innate Abilities, Weirdness & Mutations

You have hooves in place of feet.
Armour fits poorly on your strangely shaped body.
You cover ground very quickly.
You have extremely tough skin. (AC +3)
You can translocate small distances at will.
You are frail. (-10% HP)
Your magical capacity is low. (-10% MP)


Message History

You feel sick.
You take 1 damage, and have 2/41 hp.
There is a stone staircase leading up here.
* * * LOW HITPOINT WARNING * * *
You feel sick.
The orc wizard gestures at you while chanting.
You feel yourself slow down.
You climb upwards.
There is a stone staircase leading down here.
You see here 3 stones.
* * * LOW HITPOINT WARNING * * *
You feel sick.
You take 1 damage, and have 1/41 hp.
Unknown command.
Okay, then.
There is a lethal amount of poison in your body!
There is a lethal amount of poison in your body!
There is a lethal amount of poison in your body!
Unknown command.
You die...

#.##...#.#####.######
#.#......# #########
#....)...# #........
##.#......####.#.####.
#..##..........#.#..'.
#.####.##.######.#..#.
#.##.####.# #.#'##(
#.#.#...(>#### #......
#####.#.>@.......#
#.#'##(
#..........#####.#
#.#..'. #.###.#...##
#.# #.#..#. #.#
#.#..## #.# #.####.
### #.#.## #.# #......
### #.#.# #.# #.####.
#.## #.#.# #.# #.#..'.
#..## #.#.# #.#
#.#..#. #...#######
#.###.#'##.


There were no monsters in sight!

Vanquished Creatures
  An orc priest (D:3)
  4 adders
  An ooze (D:1)
  3 worms
  A dart slug (D:2)
  3 giant geckos
  5 orcs (D:3)
  A ball python (D:1)
  A giant cockroach (D:2)
  12 hobgoblins
  8 jackals (D:2)
  6 bats
  2 giant newts
  7 goblins
  10 kobolds
  10 rats
75 creatures vanquished.

Notes
Turn   | Place    | Note
-------+----------+-------------------------------------------
     0 | D:1      | mistymad the Centaur Hunter began the quest for the Orb.
     0 | D:1      | Reached XP level 1. HP: 17/17 MP: 1/1
   228 | D:1      | Reached XP level 2. HP: 17/25 MP: 2/2
  1066 | D:1      | Reached skill level 6 in Bows
  1328 | D:1      | Reached XP level 3. HP: 26/30 MP: 3/3
  2140 | D:2      | Reached XP level 4. HP: 19/38 MP: 4/4
  2750 | D:2      | Found a glowing golden altar of the Shining One.
  3358 | D:3      | Reached skill level 7 in Bows
  3389 | D:3      | Reached XP level 5. HP: 5/46 MP: 5/5
  3490 | D:3      | Gained mutation: You are frail. (-10% HP) [potion of mutation]
  3490 | D:3      | Gained mutation: Your magical capacity is low. (-10% MP) [potion of mutation]
  3490 | D:3      | Gained mutation: You can translocate small distances at will. [potion of mutation]
  3509 | D:3      | HP: 2/41 [poisoned by an orc wizard]
  3514 | D:2      | HP: 1/41 [poisoned by an orc wizard]
  3517 | D:2      | Succumbed to an orc wizard's poison

Vault maps used:
D:1:      scummos_arrival_simple_crosswalls
D:2:      minmay_door_path, nicolae_tso_swordbearing_angel
D:3:      overflow_temple_1_default, lightli_sewer_entry_pipes, first_bread,
          nicolae_ashenzari_panopticon

Skill      XL: |  1  2  3  4 |
---------------+-------------+-----
Bows           | 6 7 |  7.2
Fighting       | 3 4 |  4.0
Dodging        | |  1.3
Stealth        | |  0.5

Action                   |  1- 3 |  4- 6 || total
-------------------------+-------+-------++-------
Melee: Short sword       |   166 |    95 ||   261
       Kick              |    37 |    20 ||    57
 Fire: Shortbow          |    32 |    38 ||    70
  Use: Scroll            |       |     7 ||     7
       Potion            |       |     4 ||     4
  Eat: Chunk             |    12 |     3 ||    15
Armor: Leather armour    |    59 |    36 ||    95
Dodge: Dodged            |    91 |    62 ||   153
